 Dungeon Crawl Stone Soup version 0.32-a0-928-g1cae6b7ea0 (webtiles) character file.

Game seed: 436915779661182750

32 Ahpoh the Covered (level 3, 31/31 HPs)
             Began as a Mountain Dwarf Fighter on Apr 12, 2024.
             Quit the game on level 1 of the Dungeon.
             The game lasted 00:02:44 (1136 turns).

Ahpoh the Covered (Mountain Dwarf Fighter)          Turns: 1136, Time: 00:02:45

Health: 31/31      AC:  7    Str: 18    XL:     3   Next: 10%
Magic:  3/3        EV:  8    Int:  8    God:
Gold:   24         SH:  4    Dex: 11    Spells: 2/2 levels left

rFire   . . .        a - +0 long sword
rCold   . . .        c - +0 buckler
rNeg    . . .        b - +0 scale mail
rPois   .            (no helmet)
rElec   .            (no cloak)
rCorr   .            (no gloves)
SInv    .            (no boots)
Will    .....        (no amulet) Stlth
                     (no ring)
HPRegen 0.25/turn    (no ring)
MPRegen 0.08/turn

%: no passive effects
@: no status effects
A: runic magic, artefact enchanting
a: no special abilities


You were on level 1 of the Dungeon.
You visited 1 branch of the dungeon, and saw 1 of its levels.

You collected 24 gold pieces.

Inventory:

Hand Weapons
 a - a +0 long sword (weapon)
Armour
 b - a +0 scale mail (worn)
 c - a +0 buckler (worn)
 f - an orb of wrath
Scrolls
 g - a scroll of vulnerability {unknown}
Potions
 d - a potion of might
 e - a potion of curing {unknown}


   Skills:
 * Level 3.5 Fighting
 * Level 2.3 Long Blades
 * Level 3.7 Armour
 - Level 0.2 Dodging
 * Level 3.6 Shields


You had 2 spell levels left.
You didn't know any spells.
Your spell library was empty.

Dungeon Overview and Level Annotations

Branches:
Dungeon (1/15)

Altars:


Innate Abilities, Weirdness & Mutations

Your spellcasting is much less encumbered by armour.
You can use scrolls of enchantment on lesser artefacts.


Message History

You now have 24 gold pieces (gained 12).
You see here a +0 leather armour.
There is a faded altar of an unknown god here.
This altar belongs to (a) Kikubaaqudgha, (b) Fedhas or (c) Jiyva, but you can't tell which.
Press the corresponding letter to learn more about a god, or press enter to convert or escape to cancel.
Okay, then.
A kobold comes into view. It is wielding a +0 dagger.
The kobold shouts!
The kobold hits you with a +0 dagger.
You closely miss the kobold. The kobold closely misses you.
You barely miss the kobold. The kobold barely misses you.
You closely miss the kobold. The kobold hits you but does no damage.
The kobold hits you with a +0 dagger.
You slash the kobold!
You kill the kobold!
Things that are here:
a +0 dagger; a kobold corpse Magic restored.
You open the door.
A frilled lizard comes into view.
You barely miss the frilled lizard. The frilled lizard bites you.
You slash the frilled lizard!
You kill the frilled lizard!
There is an open door here.
Things that are here:
a +0 short sword; 5 stones; a kobold corpse
There is a dry fountain here.
A rat comes into view.
You hit the rat.
You kill the rat!
You see here a rat corpse.
Done exploring.
Done exploring.
Done exploring.
You see here a rat corpse.
You start removing your amulet.
You continue removing your amulet of guardian spirit. x4
You finish removing your amulet of guardian spirit.
You drop an amulet of guardian spirit.
Okay, then.
Are you sure you want to abandon this character and quit the game? (Confirm with "yes".)

#.#.#.....................
#.#.#.......#..#.######.#.
#.#.#..####.#..#.# #...
#.#.#..# #....#.# ####..
#.#.#..######.##.# ##.....
###.#.......##...#.###......
#.......................####
##..#.#########....###.#####
#....)....@................
#..#.#........#.#####.#####
#..#.#.######.#.#...#.# #
#..#.#.# #.#.#.#.#.#####
#..#.#.# #.#.#.#........
#..#.#.# #.#.#.#...#####
####.#.# #.....#...#..).
#.#.# ###.###...#.### #.#.#
#.# #...#.#


There were no monsters in sight!

Vanquished Creatures
  A dart slug (D:1)
  4 ball pythons (D:1)
  2 endoplasms (D:1)
  A giant cockroach (D:1)
  3 goblins (D:1)
  A hobgoblin (D:1)
  A quokka (D:1)
  A bat (D:1)
  3 frilled lizards (D:1)
  7 kobolds (D:1)
  3 rats (D:1)
27 creatures vanquished.

Notes
Turn   | Place    | Note
-------+----------+-------------------------------------------
     0 | D:1      | Ahpoh the Mountain Dwarf Fighter began the quest for the
                  | Orb.
     0 | D:1      | Reached XP level 1. HP: 19/19 MP: 1/1
   337 | D:1      | Reached XP level 2. HP: 25/26 MP: 2/2
   912 | D:1      | Reached XP level 3. HP: 27/31 MP: 3/3
   922 | D:1      | Found a faded altar of an unknown god.
  1136 | D:1      | Quit the game

Illustrated notes

Levels and vault maps discovered:
D:1:      eino_arrival_water_cross, layout_basic,
          ebering_ecumenical_altar_abandoned

Skill      XL: |  1  2 |
---------------+-------+-----
Long Blades    | 2 |  2.3
Fighting       | |  3.5
Armour         | |  3.7
Dodging        | |  0.2
Shields        | |  3.6

Action                     || total
---------------------------++-------
  Melee: Long sword        ||    95
 Armour: Scale mail        ||   126
  Dodge: Dodged            ||    79
  Block: Buckler           ||    44

Table legend: (Time is in decaauts)
 A = Elapsed time spent in this place.
 B = Non-inter-level travel time spent in this place.
 C = Inter-level travel time spent in this place.
 D = Time resting spent in this place.
 E = Time spent auto-exploring this place.
 F = Levels seen in this place.
 G = Mean time per level.
                   A        B        C        D        E       F      G
               +--------+--------+--------+--------+--------+-----+--------+
         Total |   1168 |   1168 |      0 |      0 |    704 |   1 | 1168.0 |
       Dungeon |   1168 |   1168 |      0 |      0 |    704 |   1 | 1168.0 |
               +--------+--------+--------+--------+--------+-----+--------+

Top non-repeatable levels by time:
     D:1: 1168 daAuts
